Map: Orbital Shipyard

Players

LittleFe

  • Race: Terran Terran

LilDicky - Winner!

  • Race: Terran Terran
  • League: Diamond

VOD

http://www.twitch.tv/tumescentpie

Description

Time

  • Played on: Jan. 2, 2016, 11:17 p.m.
  • Length: 7:31
Show
View Real Time Build Order
Export as new Build Order

LittleFe Terran 

Build Orders: Liberator Opening 

Get SALT Encoding   

  12  0:01  SCV  
  13  0:13  SCV  
  14  0:18  Supply Depot  
  14  0:25  SCV  
  15  0:39  SCV  
  15  0:41  Barracks  
  16  0:46  Refinery  
  16  0:51  SCV  
  17  1:03  SCV  
  18  1:15  SCV  
  19  1:28  Orbital Command  
  19  1:29  Supply Depot  
  19  1:31  Reaper  
  20  1:40  Refinery  
  20  1:56  SCV  
  21  2:04  Barracks Reactor  
  21  2:13  Command Center  
  21  2:16  SCV  
  22  2:27  Factory  
  22  2:28  SCV  
  23  2:40  SCV  
  23  2:41  Marine x2  
  26  2:51  Engineering Bay  
  26  2:52  SCV  
  26  2:58  Marine  
  26  2:59  Marine  
  26  3:04  SCV  
  29  3:14  Starport, Factory Reactor  
  29  3:16  SCV  
  30  3:21  Marine  
  30  3:24  Marine  
  32  3:28  SCV  
  32  3:31  Missile Turret  
  32  3:33  Orbital Command  
  33  3:37  Missile Turret  
  33  3:38  Marine  
  33  3:40  SCV  
  35  3:42  Supply Depot, Marine  
  35  3:48  Liberator  
  36  3:56  Marine  
  36  4:00  Marine  
  36  4:02  SCV x2  
  40  4:09  Viking  
  45  4:14  SCV x2  
  47  4:19  Factory Tech Lab  
  47  4:29  Liberator  
  47  4:38  Siege Tank  
  47  4:40  Command Center  
  53  4:58  SCV  
  54  5:03  Supply Depot  
  54  5:07  Command Center  
  54  5:27  Supply Depot  
  54  5:51  SCV, Marine x2  
  50  6:22  Orbital Command  
  48  6:28  Viking x2  
  52  6:39  Orbital Command  
  44  6:48  Siege Tank  
  44  6:49  SCV x2  
  44  6:51  Refinery  
  44  6:52  Refinery  
  47  7:01  Barracks  
Show
View Real Time Build Order
Export as new Build Order

LilDicky Terran - Winner!

Build Orders: 1/1/1, Liberator Opening 

Get SALT Encoding   

  12  0:01  SCV  
  13  0:19  Supply Depot  
  13  0:26  SCV, Refinery  
  14  0:38  SCV  
  15  0:43  Barracks  
  15  0:53  SCV  
  16  1:05  SCV  
  17  1:17  SCV  
  18  1:29  SCV  
  18  1:31  Supply Depot, Marine  
  20  1:37  Factory  
  20  1:38  Refinery  
  20  1:42  SCV  
  21  1:50  Marine  
  22  1:58  Orbital Command  
  22  2:10  Marine  
  23  2:23  Factory Tech Lab, Starport  
  23  2:26  SCV  
  23  2:28  Marine  
  25  2:46  Marine  
  25  2:49  Siege Tank  
  29  2:55  SCV  
  30  2:58  Supply Depot  
  30  3:03  Liberator  
  30  3:09  SCV  
  31  3:19  Ghost Academy  
  31  3:20  Marine  
  31  3:21  SCV  
  36  3:28  Supply Depot  
  36  3:37  Marine  
  36  3:40  SCV  
  38  3:47  Supply Depot  
  38  3:49  Siege Tank  
  41  3:57  SCV  
  41  4:01  Barracks Tech Lab  
  42  4:08  Viking  
  44  4:16  Nuke  
  44  4:17  Supply Depot  
  44  4:26  SCV  
  45  4:38  Ghost  
  47  4:45  SCV  
  48  4:51  Command Center  
  48  4:53  Engineering Bay  
  48  5:10  SCV  
  49  5:25  Siege Tank  
  49  5:27  Personal Cloaking  
  51  5:34  SCV  
  52  5:41  Viking  
  53  5:44  Refinery  
  39  6:45  Marine  
  39  6:46  Viking  
  42  6:51  SCV  
  43  6:56  Siege Tank  
  46  7:03  SCV  
  46  7:05  Supply Depot  
  45  7:09  Command Center  
  42  7:16  SCV  
Tags
 
Add a new tag
Caveats
  • Supply blocks, unpowered buildings, or Contaminate may cause inaccurate times.
  • Supply counts are checked every 10 seconds.